 Dungeon Crawl Stone Soup version 0.26.0-16-gc1dbca0489 (webtiles) character file.

Game seed: 4319695595378676325

835 thiole the Covert (level 7, 0/43 HPs)
             Began as an Octopode Hedge Wizard on Jan 21, 2021.
             Slain by an orc warrior
             ... wielding a +0 scimitar
              (15 damage)
             ... on level 6 of the Dungeon.
             The game lasted 00:16:58 (7099 turns).

thiole the Covert (Octopode Hedge Wizard)           Turns: 7099, Time: 00:16:58

Health: 0/43       AC:  5    Str:  9    XL:     7   Next: 98%
Magic:  3/15       EV: 14    Int: 19    God:
Gold:   273        SH:  0    Dex: 17    Spells: 9/17 levels left

rFire    . . .     SeeInvis .   v - +2 war axe (freeze)
rCold    . . .     Faith    .   (no shield)
rNeg     . . .     Spirit   .   b - +0 hat
rPois    .         Reflect  .   u - amulet "Honuynume" {Acrobat +Fly Will+ Dex+6}
rElec    .         Harm     .   c - +4 ring of protection
rCorr    .         Rampage  .   j - ring of wizardry
Will     +....                  (no ring)
Stlth    +++++.....             (no ring)
HPRegen  0.14/turn              (no ring)
MPRegen  0.14/turn              (no ring)
                                (no ring)
                                (no ring)

@: no status effects
A: almost no armour, stealthy swim, amphibious, 8 rings, constrict 8, camouflage
1, gelatinous body 1
a: Evoke Flight


You were on level 6 of the Dungeon.
You visited 1 branch of the dungeon, and saw 6 of its levels.

You collected 273 gold pieces.

Inventory:

Hand Weapons
 a - a +0 dagger
 f - a +1 vorpal spear
 v - a +2 war axe of freezing (weapon)
Armour
 b - a +0 hat (worn)
Jewellery
 c - a +4 ring of protection (left tentacle)
 d - an uncursed amulet of the acrobat
 j - a ring of wizardry (right tentacle)
 k - an uncursed amulet of faith {unknown}
 n - an uncursed ring of fire
 p - an uncursed amulet of magic regeneration {unknown}
 u - the amulet "Honuynume" (around mantle) {Acrobat +Fly Will+ Dex+6}
   (You found it on level 4 of the Dungeon)

   [amulet of the acrobat]

   It helps you evade while moving and waiting.
   It affects your dexterity (+6).
   It affects your willpower, your defense against some magical effects.
   It lets you fly.
 y - an uncursed amulet of reflection {unknown}
Wands
 i - a wand of flame (10)
Scrolls
 h - a scroll of enchant weapon {unknown}
 l - 2 scrolls of amnesia {unknown}
 o - 2 scrolls of immolation {unknown}
 q - a scroll of teleportation {unknown}
 s - 6 scrolls of remove curse {unknown}
 w - 2 scrolls of fog {unknown}
 x - a scroll of enchant armour {unknown}
 z - a scroll of identify
Potions
 e - a potion of haste {unknown}
 g - 2 potions of might {unknown}
 m - 4 potions of flight {unknown}
 r - a potion of heal wounds {unknown}
 t - a potion of magic {unknown}
 A - a potion of invisibility {unknown}


   Skills:
 + Level 1.2 Fighting
 - Level 2.1 Dodging
 + Level 8.3 Stealth
 - Level 5.6 Spellcasting
 - Level 2.0 Conjurations
 - Level 2.0 Summonings
 - Level 1.2 Translocations
 * Level 2.0 Air Magic


You had 9 spell levels left.
You knew the following spells:

 Your Spells              Type           Power        Failure   Level
a - Magic Dart            Conj           48%          2%          1
b - Call Imp              Summ           12%          3%          2
c - Slow                  Hex            5%           8%          2
d - Mephitic Cloud        Conj/Pois/Air  10%          9%          3

Your spell library contained the following spells:

 Spells                   Type           Power        Failure   Level
 Blink                    Tloc           N/A          4%          2
 Conjure Flame            Conj/Fire      9%           10%         3


Dungeon Overview and Level Annotations

Branches:
Dungeon (6/15)
 Temple: D:4-7

Altars:
Okawaru

Shops:
D:4 [

Annotations:
D:5 2 transporters, Calibrex's ghost, novice HuMo


Innate Abilities, Weirdness & Mutations

You cannot wear most types of armour.
You are very stealthy in the water. (Stealth+)
You are amphibious.
You can wear up to eight rings at the same time.
You can use your tentacles to constrict eight enemies at once.
Your skin changes colour to match your surroundings (Stealth+).
Your rubbery body absorbs attacks. (AC +1, EV +1)


Message History

You constrict the orc warrior, but do no damage.
Your white imp hits the orc warrior but does no damage.
The orc warrior hits you with a +0 scimitar!
The shadow imp hits your white imp.
Your white imp barely misses the orc warrior.
You release your grip on the orc warrior.
The shadow imp hits your white imp but does no damage.
The shadow imp gestures at you. Pain shoots through your body!
There is a stone staircase leading up here.
Aiming: Throw Flame
Press: ? - help, Shift-Dir - straight line, f/p - orc warrior
Aim: an orc warrior, wielding a +0 scimitar and wearing a +0 chain mail (36% to evade)
Okay, then.
Aiming: Throw Flame
Press: ? - help, Shift-Dir - straight line, f/p - orc warrior
Aim: an orc warrior, wielding a +0 scimitar and wearing a +0 chain mail (36% to evade)
The puff of flame hits the orc warrior but does no damage.
The orc warrior hits you with a +0 scimitar!
You die...

#.........#
#.......#
#.#####.######.
#.........#
#.5........ ###
#..........
#.###5.........
#...'o.........
#.###@.........
#.# ###.######.
#[#####.#
#.......#
#########


You could see an orc warrior, a shadow imp and a friendly white imp (summoned).

Vanquished Creatures
  2 ogres (D:5)
  A centaur (D:5)
  A hound (D:4)
  2 orc priests (D:5)
  4 iguanas
  3 orc wizards
  A worker ant (D:4)
  A hound skeleton (D:4)
  7 adders
  2 oozes
  An adder skeleton (D:4)
  5 worms
  A dart slug (D:1)
  3 leopard geckos
  13 orcs
  A giant cockroach (D:1)
  8 goblins
  7 hobgoblins
  3 quokkas
  4 ball pythons
  8 bats
  6 frilled lizards
  A giant cockroach zombie (D:5)
  8 kobolds
  10 rats
103 creatures vanquished.

Vanquished Creatures (collateral kills)
  An ogre (D:5)
  A scorpion (D:2)
  2 jellies (D:5)
  2 orc priests (D:4)
  A worker ant (D:4)
  A worker ant zombie (D:5)
  A white imp (D:5)
  2 orcs
11 creatures vanquished.

Grand Total: 114 creatures vanquished

Notes
Turn   | Place    | Note
-------+----------+-------------------------------------------
     0 | D:1      | thiole the Octopode Hedge Wizard began the quest for the
                  | Orb.
     0 | D:1      | Reached XP level 1. HP: 11/11 MP: 4/4
   145 | D:1      | Reached skill level 3 in Stealth
   145 | D:1      | Reached XP level 2. HP: 5/17 MP: 1/6
   556 | D:1      | Found an iron altar of Okawaru.
   826 | D:1      | Reached XP level 3. HP: 21/21 MP: 4/7
   930 | D:1      | Learned a level 2 spell: Call Imp
   933 | D:1      | Learned a level 2 spell: Slow
   937 | D:1      | Learned a level 3 spell: Mephitic Cloud
  1559 | D:2      | Noticed a scorpion
  2279 | D:3      | Reached XP level 4. HP: 27/27 MP: 4/8
  3085 | D:2      | Reached skill level 4 in Stealth
  3686 | D:4      | Reached XP level 5. HP: 26/31 MP: 10/10
  3767 | D:4      | Got a smoking copper amulet
  3909 | D:4      | Reached skill level 5 in Stealth
  4168 | D:4      | Reached XP level 6. HP: 20/36 MP: 4/12
  4412 | D:4      | Reached skill level 6 in Stealth
  4422 | D:4      | Found Jerur's Antique Armour Emporium.
  5093 | D:5      | Entered Level 5 of the Dungeon
  5094 | D:5      | Identified the amulet "Honuynume" {Acrobat +Fly Will+
                  | Dex+6} (You found it on level 4 of the Dungeon)
  5125 | D:5      | Reached skill level 5 in Spellcasting
  5301 | D:5      | Reached XP level 7. HP: 41/41 MP: 6/14
  5415 | D:5      | Reached skill level 7 in Stealth
  5525 | D:5      | Found a transporter.
  5871 | D:5      | Reached skill level 8 in Stealth
  6070 | D:5      | HP: 1/41 [ogre/+0 giant club (21)]
  6087 | D:5      | Reached skill level 1 in Air Magic
  6426 | D:5      | Found a transporter.
  6426 | D:5      | Noticed Calibrex's ghost (novice HuMo)
  6499 | D:5      | Reached skill level 1 in Fighting
  7099 | D:6      | Slain by an orc warrior

Illustrated notes

Levels and vault maps discovered:
D:1:      minmay_arrival_glassed_features, layout_loops_corners,
          okawaru_ov_weapons_minmay
D:2:      layout_loops_cross, minmay_misc_feat_chi
D:3:      minmay_wonky_spiral, layout_basic, grunt_ministairs_11
D:4:      layout_basic, nicolae_overflow_hidden_temple, serial_shops, shop
D:5:      layout_basic, gammafunk_ghost_mausoleum, hangedman_decor_slide_cut
D:6:      layout_basic, minmay_temple_entry_from_below_a

Skill      XL: |  1  2  3  4  5  6  7 |
---------------+----------------------+-----
Stealth        | 3 4 5 6 8 |  8.3
Summonings     | 2 |  2.0
Conjurations   | 2 |  2.0
Spellcasting   | 4 5 |  5.6
Air Magic      | 2 |  2.0
Fighting       | 1 |  1.2
Dodging        | |  2.1
Translocations | |  1.2

Action                   |  1- 3 |  4- 6 |  7- 9 || total
-------------------------+-------+-------+-------++-------
Melee: Dagger            |    39 |    46 |       ||    85
       Constrict         |     6 |    12 |     8 ||    26
       Tentacles         |     5 |    13 |     5 ||    23
       War axe           |       |    33 |    26 ||    59
 Cast: Magic Dart        |    82 |   101 |    38 ||   221
       Call Imp          |       |    17 |    20 ||    37
       Slow              |       |     3 |    12 ||    15
       Mephitic Cloud    |       |       |     2 ||     2
Evoke: Wand              |       |       |     1 ||     1
  Use: Scroll            |     2 |     2 |       ||     4
       Potion            |       |     1 |     2 ||     3
 Stab: Sleeping          |     1 |     3 |     1 ||     5
       Distracted        |       |       |     2 ||     2
Armor: Skin              |     7 |    21 |     2 ||    30
Dodge: Dodged            |    21 |    36 |    27 ||    84
